 Seeded DCSS version 0.29.1-2-gbd0b4ee654 (webtiles) character file.

Game seed: 3311 (custom seed)

327 Ashen the Magician (level 6, -2/41 HPs)
             Began as a Demonspawn Hedge Wizard on Oct 28, 2022.
             Was an Initiate of Vehumet.
             Slain by an ogre
             ... wielding a +0 giant club
              (18 damage)
             ... on level 4 of the Dungeon.
             The game lasted 00:08:44 (6860 turns).

Ashen the Magician (Demonspawn Hedge Wizard)        Turns: 6860, Time: 00:08:44

Health: -2/41      AC:  4    Str: 10    XL:     6   Next: 24%
Magic:  5/11       EV: 12    Int: 18    God:    Vehumet [......]
Gold:   195        SH:  0    Dex: 12    Spells: 4/12 levels left

rFire   . . .      SeeInvis .   a - +0 short sword (venom)
rCold   . . .      Faith    .   (no shield)
rNeg    . . .      Spirit   .   m - +0 leather armour
rPois   .          Reflect  .   n - +0 helmet
rElec   .          Harm     .   (no cloak)
rCorr   .          Rampage  .   (no gloves)
Will    .....                   (no boots)
Stlth   ++........              (no amulet)
HPRegen 0.13/turn               (no ring)
MPRegen 0.12/turn               (no ring)

@: on blink cooldown
A: powered by pain 1, sturdy frame 2
a: Renounce Religion


You were on level 4 of the Dungeon.
You worshipped Vehumet.
Vehumet was noncommittal.
You visited 1 branch of the dungeon, and saw 4 of its levels.

You collected 195 gold pieces.

Inventory:

Hand Weapons
 a - a +0 short sword of venom (weapon)
Missiles
 g - 9 poisoned darts (quivered)
Armour
 m - a +0 leather armour (worn)
 n - a +0 helmet (worn)
Scrolls
 b - a scroll of noise {unknown}
 c - a scroll of fear {unknown}
 f - 3 scrolls of teleportation {unknown}
 i - 2 scrolls of identify {unknown}
 l - a scroll of enchant armour {unknown}
 o - a scroll of poison {unknown}
Potions
 d - a potion of magic
 e - a potion of mutation {unknown}
 j - 2 potions of resistance {unknown}
 k - 2 potions of attraction {unknown}


   Skills:
 + Level 2.9 Dodging
 + Level 2.8 Stealth
 + Level 3.7 Spellcasting
 + Level 2.6 Conjurations
 + Level 2.4 Summonings
 + Level 2.2 Translocations
 + Level 1.3 Air Magic


You had 4 spell levels left.
You knew the following spells:

 Your Spells              Type           Power      Damage    Failure   Level
a - Magic Dart            Conj           48%        1d5       5%          1
b - Blink                 Tloc           22%        N/A       9%          2
c - Call Imp              Summ           12%        N/A       9%          2
d - Mephitic Cloud        Conj/Pois/Air  8%         N/A       26%         3

Your spell library contained the following spells:

 Spells                   Type           Power      Damage    Failure   Level
 Slow                     Hex            12%        N/A       16%         1
 Conjure Flame            Conj/Fire      8%         6-21      26%         3
 Frozen Ramparts          Ice            6%         1d1       41%         3
 Summon Ice Beast         Ice/Summ       7%         N/A       65%         4
 Ice Form                 Ice/Tmut       3%         N/A       83%         4


Dungeon Overview and Level Annotations

Branches:
Dungeon (4/15)
 Temple: D:4-7

Altars:
Sif Muna
Vehumet

Annotations:
D:2 1 runed translucent door, exclusion: door


Innate Abilities, Weirdness & Mutations

You sometimes gain a little power by taking damage.
Your movements are less encumbered by armour. (ER -4)


Message History

Aiming: Magic Dart (safe; 5% risk of failure)
Press: ? - help, Shift-Dir - straight line, f/p - ogre
Aim: an ogre, wielding a +0 giant club (severely wounded, 100% to hit)
The magic dart hits the ogre.
The ogre is severely wounded.
Casting: Magic Dart (safe; 5% risk of failure)
Confirm with . or Enter, or press ? or * to list all spells.
Aiming: Magic Dart (safe; 5% risk of failure)
Press: ? - help, Shift-Dir - straight line, f/p - ogre
Aim: an ogre, wielding a +0 giant club (severely wounded, 100% to hit)
The magic dart hits the ogre.
The ogre is severely wounded.
Casting: Magic Dart (safe; 5% risk of failure)
Confirm with . or Enter, or press ? or * to list all spells.
Aiming: Magic Dart (safe; 5% risk of failure)
Press: ? - help, Shift-Dir - straight line, f/p - ogre
Aim: an ogre, wielding a +0 giant club (severely wounded, 100% to hit)
The magic dart hits the ogre.
The ogre is almost dead.
The ogre hits you with a +0 giant club!!
Ouch! That really hurt!
You focus on the pain.
You feel your power returning.
Casting: Magic Dart (safe; 5% risk of failure)
Confirm with . or Enter, or press ? or * to list all spells.
You blink.
Found a whip.
Casting: Blink (safe; 9% risk of failure)
Confirm with . or Enter, or press ? or * to list all spells.
The spell is quite dangerous to miscast (26% risk of failure)!
Continue anyway?
Aiming: Mephitic Cloud (quite dangerous; 26% risk of failure)
Press: ? - help, Shift-Dir - straight line, f/p - ogre
Aim: an ogre, wielding a +0 giant club (almost dead, chance to affect: 77%)
The ball explodes into a vile cloud!
The stinking cloud engulfs the ogre but does no damage.
The ogre is almost dead.
The ogre is engulfed in noxious fumes.
Casting: Mephitic Cloud (quite dangerous; 26% risk of failure)
Confirm with . or Enter, or press ? or * to list all spells.
A beastly little devil appears in a puff of frigid air.
The ogre hits you with a +0 giant club!!
You die...

### ##.## #.### ##.#
##...###.##
##.###....### ##..#
###..... # #..## ##....
).##. #..○..# #....
......###○○.## #...#
#..@O☼..# #..##
......5......# ##..#
.......#......#####...##
......#...#............#
......#..##........##...
...... .# .....# ##..
..... ## .... #.. .....
... #... .. #....


You could see an ogre (ally target) and a friendly white imp (summoned).

Vanquished Creatures
  A jelly (D:4)
  2 orc priests (D:4)
  3 orc wizards (D:3)
  2 adders
  2 worms
  3 dart slugs
  7 orcs
  10 endoplasms
  4 giant cockroaches
  8 hobgoblins
  4 jackals (D:2)
  2 quokkas
  8 ball pythons
  4 bats
  2 frilled lizards
  3 goblins
  6 kobolds
  5 rats
76 creatures vanquished.

Vanquished Creatures (collateral kills)
  An orc priest (D:3)
  An orc wizard (D:3)
2 creatures vanquished.

Grand Total: 78 creatures vanquished

Notes
Turn   | Place    | Note
-------+----------+-------------------------------------------
     0 | D:1      | Ashen the Demonspawn Hedge Wizard began the quest for the
                  | Orb.
     0 | D:1      | Reached XP level 1. HP: 13/13 MP: 4/4
   154 | D:1      | Reached skill level 1 in Translocations
   415 | D:1      | Gained mutation: Your movements are slightly less
                  | encumbered by armour. (ER -2) [demonic ancestry]
   415 | D:1      | Reached XP level 2. HP: 14/19 MP: 1/6
  2160 | D:2      | Gained mutation: Your movements are less encumbered by
                  | armour. (ER -4) [demonic ancestry]
  2160 | D:2      | Reached XP level 3. HP: 24/24 MP: 7/7
  2385 | D:2      | Found a runed translucent door.
  2407 | D:2      | Found a faded altar of an unknown god.
  3035 | D:2      | Learned a level 2 spell: Blink
  3038 | D:2      | Learned a level 2 spell: Call Imp
  3042 | D:2      | Learned a level 3 spell: Mephitic Cloud
  3645 | D:3      | Reached XP level 4. HP: 14/30 MP: 2/9
  4406 | D:3      | Found a radiant altar of Vehumet.
  4413 | D:3      | Became a worshipper of Vehumet
  4607 | D:3      | Reached XP level 5. HP: 12/35 MP: 10/10
  4994 | D:3      | Found a shimmering blue altar of Sif Muna.
  5079 | D:3      | Reached skill level 1 in Air Magic
  6036 | D:4      | Gained mutation: You sometimes gain a little power by
                  | taking damage. [demonic ancestry]
  6036 | D:4      | Reached XP level 6. HP: 41/41 MP: 9/11
  6860 | D:4      | Slain by an ogre

Illustrated notes

Levels and vault maps discovered:
D:1:      amcnicky_arrival_flooded_fountain, layout_loops_corners
D:2:      layout_basic, shapermc_ecumenical_altar_petra,
          nicolae_figureground_sparkle, uniq_crazy_yiuf_cottage
D:3:      layout_basic, nicolae_sif_muna_little_library,
          mainiacjoe_overflow_paths, serial_co_window_serial,
          co_window_of_opportunity_a, co_window_corner_a, co_window_paths_a,
          co_window_of_opportunity_a, co_window_of_opportunity_a,
          co_window_cross_3, co_window_unsneaky_path_c, co_window_corner_b,
          co_window_cross_4, co_window_unsneaky_path_c,
          co_window_of_opportunity_c, co_window_paths_d, glass_columns_a,
          glass_columns_a, glass_columns_a, glass_columns_c, glass_columns_b
D:4:      layout_layer_cave

Skill      XL: |  1  2  3  4  5 |
---------------+----------------+-----
Translocations | 1 2 |  2.2
Dodging        | 2 |  2.9
Stealth        | 2 |  2.8
Conjurations   | 2 |  2.6
Summonings     | 2 |  2.4
Air Magic      | 1 |  1.3
Spellcasting   | |  3.7

Action                   |  1- 3 |  4- 6 || total
-------------------------+-------+-------++-------
Melee: Dagger            |    24 |       ||    24
       Short sword       |    39 |    66 ||   105
       Punch             |     3 |       ||     3
Throw: Dart              |     4 |       ||     4
 Cast: Magic Dart        |    86 |    72 ||   158
       Call Imp          |       |     5 ||     5
       Mephitic Cloud    |       |     5 ||     5
       Blink             |       |     1 ||     1
  Use: Potion            |       |     1 ||     1
 Stab: Sleeping          |     1 |     1 ||     2
       Confused          |       |     3 ||     3
Armor: Robe              |     7 |       ||     7
       Leather armour    |     5 |    12 ||    17
Dodge: Dodged            |    32 |    30 ||    62
